[Event "*** Titled Tuesday Blitz"]
[Site "Chess.com"]
[Date "2020.10.20"]
[Round "9"]
[White "mishanick"]
[Black "Sashadav97"]
[Result "1-0"]
[WhiteElo "3000"]
[BlackElo "2676"]
[TimeControl "180+1"]
[EndTime "11:46:18 PDT"]
[Termination "mishanick won on time"]

1. d4 d5 2. c4 e6 3. Nf3 Nf6 4. Nc3 a6 5. cxd5 exd5 6. Qb3 c6 7. Bg5 Be7 8. e3 O-O 9. Bd3 Qc7 10. O-O Be6 11. Qc2 h6 12. Bf4 Bd6 13. Bxd6 Qxd6 14. Ne5 Nbd7 15. f4 Nb6 16. Rac1 Rfe8 17. Ne2 Nc4 18.
Rf3 Qb4 19. b3 Na3 20. Qb2 Nb5 21. Nc3 Nxc3 22. Rxc3 Ne4 23. Bxe4 dxe4 24. Rf1 f6 25. Nc4 Bxc4 26. Rxc4 Qd6 27. Rc5 Rad8 28. Qc3 Re7 29.
b4 Kh8 30. a4 Qe6 31. h3 Rd5 32. Rb1 Rc7 33. b5 Rxc5 34. Qxc5 axb5 35. axb5 Qd7 36. Rc1 Rc8 37. d5 Qd8 38. dxc6 bxc6 39. bxc6 Qd2 40.
c7 Kg8 41. Kh2 Kh8 42. Rc4 1-0

[Event "*** Titled Tuesday Blitz"]
[Site "Chess.com"]
[Date "2020.10.20"]
[Round "9"]
[White "mshuaau0"]
[Black "MuhittinBuker"]
[Result "0-1"]
[WhiteElo "2204"]
[BlackElo "2102"]
[TimeControl "180+1"]
[EndTime "11:46:18 PDT"]
[Termination "MuhittinBuker won by resignation"]

1. e4 e5 2. Nf3 Nc6 3. Bc4 Nf6 4.
Nc3 Bc5 5. d3 O-O 6. O-O a6 7.
Bg5 h6 8. Bh4 d6 9. Qc1 Be6 10.
Nd5 Bxd5 11. Bxd5 Rb8 12. a4 Nd4 13. Nxd4 Bxd4 14. c3 Ba7 15. Ba2 Kh7 16. Kh1 g5 17. Bg3 Nh5 18. Qe3 Bxe3 19. fxe3 Nxg3+ 20. hxg3 Qe7 21. Rf5 f6 22. g4 Kg7 23. Re1 b5 24. a5 b4 25. c4 b3 26. Bb1 Rb4 27. Rc1 c5 28. Kh2 Ra4 29. Rc3 Rb8 30. Rc1 Rxa5 31. Rcf1 Ra1 32.
Kg3 a5 33. Kf2 a4 34. Ke2 a3 35. bxa3 Rxa3 36. Kd2 Rf8 37. Kc3 Qa7 38. Kb2 Qa5 39.
R5f2 Qb4 40. g3 Ra7 41. d4 cxd4 42. exd4 Qxc4 43. Rc1 Qxd4+ 0-1

[Event "*** Titled Tuesday Blitz"]
[Site "Chess.com"]
[Date "2020.10.20"]
[Round "9"]
[White "oogee"]
[Black "pedro_nascimento85"]
[Result "1-0"]
[WhiteElo "2179"]
[BlackElo "2013"]
[TimeControl "180+1"]
[EndTime "11:46:18 PDT"]
[Termination "oogee won by resignation"]

1. d4 d5 2. c4 e6 3. Nf3 Nf6 4. g3 Be7 5. Bg2 O-O 6. O-O Bd7 7. Nc3 dxc4 8. Ne5 Bc6 9. Nxc6 Nxc6 10. e3 Rb8 11.
Qa4 Nd5 12. Qxc4 Nxc3 13. bxc3 Qd7 14. e4 Na5 15. Qe2 Qa4 16. Rd1 c5 17. d5 exd5 18. exd5 Bf6 19. Bf4 Rbc8 20. Qf3 Qa3 21. Rd3 Qb2 22.
Rad1 Nc4 23. a4 Ne5 24. Bxe5 Bxe5 25. d6 b6 26. Qf5 Bf6 27. Be4 g6 28. Qxf6 Rce8 29.
d7 Rd8 30. Bd5 1-0

[Event "*** Titled Tuesday Blitz"]
[Site "Chess.com"]
[Date "2020.10.20"]
[Round "9"]
[White "Vandros57"]
[Black "lacafi"]
[Result "1-0"]
[WhiteElo "2185"]
[BlackElo "2118"]
[TimeControl "180+1"]
[EndTime "11:46:18 PDT"]
[Termination "Vandros57 won by resignation"]

1. d4 f5 2. e4 fxe4 3. Nc3 Nf6 4. Bg5 d5 5. Bxf6 exf6 6. Qh5+ g6 7. Qxd5 Qxd5 8. Nxd5 Kd8 9. Nxf6 Bg7 10. Nxe4 Re8 11. f3 Bf5 12. Bd3 Bxd4 13. O-O-O Kc8 14. Ne2 Be3+ 15.
Kb1 Nc6 16. N2g3 Ne5 17. Rhe1 Bf4 18. Nc5 b6 19. Ba6+ Kb8 20. Nxf5 bxc5 21. Ne3 Bxh2 22.
Nc4 c6 23. Rd7 Bg3 24. Nxe5 Bxe5 25. f4 1-0

[Event "*** Titled Tuesday Blitz"]
[Site "Chess.com"]
[Date "2020.10.20"]
[Round "9"]
[White "SergeyShtyka"]
[Black "talman67"]
[Result "0-1"]
[WhiteElo "2293"]
[BlackElo "2534"]
[TimeControl "180+1"]
[EndTime "11:46:19 PDT"]
[Termination "talman67 won on time"]

1. e4 c5 2. Nf3 d6 3. d4 cxd4 4.
Nxd4 Nf6 5. Nc3 Nc6 6. Bc4 e6 7.
O-O Be7 8. Be3 O-O 9. Bd3 a6 10. f4 Nxd4 11. Bxd4 b5 12. a3 Bb7 13. Qf3 d5 14. e5 Ne4 15. Ne2 Nd2 16. Qh3 g6 17. Rf2 Qc7 18. f5 exf5 19. Rxf5 Bc5 20. Rg5 Ne4 21.
Bxe4 dxe4 22. c3 Rfe8 23. Kh1 Bxd4 24. cxd4 Qc2 25. Nf4 Qd2 26. Qh6 Rac8 27. h3 Rc1+ 28. Rxc1 Qxc1+ 29. Kh2 Qxf4+ 30. Kh1 Qf1+ 31. Kh2 e3 32. e6 Rxe6 33. d5 Re8 34. Rh5 gxh5 35. Qg5+ Kh8 36. Qf6+ Qxf6 0-1

[Event "*** Titled Tuesday Blitz"]
[Site "Chess.com"]
[Date "2020.10.20"]
[Round "9"]
[White "Mbneu"]
[Black "zmeeed67"]
[Result "0-1"]
[WhiteElo "2223"]
[BlackElo "2352"]
[TimeControl "180+1"]
[EndTime "11:46:20 PDT"]
[Termination "zmeeed67 won by resignation"]

1. d4 Nc6 2. f4 d5 3. c4 Bf5 4. Nc3 e6 5. a3 Nf6 6. e3 Be7 7.
Nf3 h6 8. Bd3 O-O 9. O-O Ne4 10.
Ne5 Nxe5 11. fxe5 c5 12. Bxe4 Bxe4 13. Nxe4 dxe4 14. d5 exd5 15. cxd5 Qb6 16. d6 Bg5 17. Qd5 Rae8 18. Bd2 Qxb2 19. d7 Rxe5 20. Rab1 Rxd5 21.
Rxb2 Rxd2 22. Rxd2 Bxe3+ 23. Rff2 Bxf2+ 24. Kxf2 Rd8 25. Ke3 Kf8 26. Kxe4 Ke7 0-1

[Event "*** Titled Tuesday Blitz"]
[Site "Chess.com"]
[Date "2020.10.20"]
[Round "9"]
[White "enriquebutti"]
[Black "rugbyclub"]
[Result "0-1"]
[WhiteElo "2003"]
[BlackElo "2179"]
[TimeControl "180+1"]
[EndTime "11:46:20 PDT"]
[Termination "rugbyclub won by resignation"]

1. d4 d5 2. c4 e6 3. Nf3 a6 4. c5 b6 5. cxb6 cxb6 6. Nc3 Nf6 7. Bg5 Be7 8. e3 O-O 9. Bd3 Nbd7 10. O-O b5 11. Ne5 Bb7 12. f4 h6 13. Bxf6 Nxf6 14. Qf3 Rc8 15. g4 b4 16. Na4 Ne4 17. Rfc1 Qa5 18. b3 Rfd8 19. Bxe4 dxe4 20. Qe2 f6 21. Nc4 Qb5 22. Qg2 Bd5 23. Nab2 Rc6 24. Rc2 Rdc8 25. Rac1 a5 26. h4 Qa6 27. g5 hxg5 28. hxg5 a4 29. g6 Kf8 30. Qh3 Ke8 31. Qh8+ Bf8 32. Nd6+ Kd7 33.
Nxc8 Qxc8 34. Rxc6 Bxc6 35. Nc4 Qa6 36. Kf2 axb3 37.
axb3 Qa2+ 38. Ke1 Qxb3 39. Qxf8 0-1

[Event "*** Titled Tuesday Blitz"]
[Site "Chess.com"]
[Date "2020.10.20"]
[Round "9"]
[White "Deepweb2020"]
[Black "MIJuanReyesRosa"]
[Result "1-0"]
[WhiteElo "2220"]
[BlackElo "2096"]
[TimeControl "180+1"]
[EndTime "11:46:24 PDT"]
[Termination "Deepweb2020 won on time"]

1. d4 d5 2. c4 e6 3. Nf3 c5 4.
cxd5 exd5 5. g3 Nc6 6. Bg2 c4 7. O-O Bb4 8. b3 cxb3 9. Qxb3 Nge7 10. Bf4 a5 11. Nc3 O-O 12. a3 Bd6 13. Bxd6 Qxd6 14.
Nb5 Qd8 15. Rfd1 Bf5 16. Rac1 Rc8 17. Ne5 Be6 18. Nd3 b6 19. e3 Re8 20. Nf4 Qd7 21. Rc3 g5 22. Nh5 Bg4 23. Nf6+ Kg7 24. Nxd7 Bxd1 25.
Qxd1 Nxd4 26. Nxd4 1-0

[Event "*** Titled Tuesday Blitz"]
[Site "Chess.com"]
[Date "2020.10.20"]
[Round "9"]
[White "Sueetin"]
[Black "TudorAnton"]
[Result "0-1"]
[WhiteElo "2358"]
[BlackElo "2478"]
[TimeControl "180+1"]
[EndTime "11:46:25 PDT"]
[Termination "TudorAnton won by resignation"]

1. d4 Nf6 2. c4 e6 3. Nc3 Bb4 4. e3 c5 5. Bd3 cxd4 6. exd4 d5 7. Nf3 Bxc3+ 8. bxc3 dxc4 9. Bxc4 Qc7 10. Qe2 O-O 11.
O-O b6 12. Bg5 Nbd7 13. Rac1 Bb7 14. Bd3 Nd5 15. Qe4 N7f6 16. Qh4 h6 17. Bxh6 gxh6 18.
Qxh6 Rfc8 19. Ng5 Ng4 20. Qh4 Qxh2+ 21. Qxh2 Nxh2 22. Kxh2 Rxc3 23. Rxc3 Nxc3 24. Rc1 Rc8 25. Ne4 Nxa2 26. Rxc8+ Bxc8 27. Kg3 Bb7 28. Nd6 Bd5 29. f3 Nb4 30. Bb1 Kf8 31. Kf4 a5 32. Ke5 Nc6+ 33. Kf4 Nxd4 34. Nc8 b5 35. Nb6 b4 36. Nxd5 exd5 37.
Ke5 Ne2 38. Kxd5 Nc3+ 39. Kc4 Nxb1 0-1

[Event "*** Titled Tuesday Blitz"]
[Site "Chess.com"]
[Date "2020.10.20"]
[Round "9"]
[White "chessplayer9919"]
[Black "swimmerchess"]
[Result "0-1"]
[WhiteElo "2619"]
[BlackElo "2784"]
[TimeControl "180+1"]
[EndTime "11:46:28 PDT"]
[Termination "swimmerchess won on time"]

1. e4 c5 2. Nc3 a6 3. g3 b5 4. Bg2 Bb7 5. d3 e6 6. Nh3 Nf6 7. O-O b4 8. Ne2 d5 9. e5 Nfd7 10. f4 f6 11. exf6 Qxf6 12. g4 Bd6 13. g5 Qe7 14. f5 O-O 15. Ng3 Bxg3 16. fxe6 Rxf1+ 17. Qxf1 Bxh2+ 18. Kxh2 Qxe6 19. Bf4 Nc6 20.
Re1 Nde5 21. c3 Re8 22. Kh1 bxc3 23. bxc3 Qf7 24. d4 cxd4 25. cxd4 Ng6 26. Rxe8+ Qxe8 27. Bxd5+ Kh8 28. Bd6 Qd7 0-1

[Event "*** Titled Tuesday Blitz"]
[Site "Chess.com"]
[Date "2020.10.20"]
[Round "9"]
[White "Buffy7"]
[Black "Ajedrez_con_German"]
[Result "1-0"]
[WhiteElo "2649"]
[BlackElo "2450"]
[TimeControl "180+1"]
[EndTime "11:46:31 PDT"]
[Termination "Buffy7 won by resignation"]

1. c4 b6 2. e4 Bb7 3. Nc3 c5 4. Nf3 e6 5. d4 cxd4 6. Nxd4 d6 7. Be3 Nf6 8. Qc2 Be7 9. O-O-O O-O 10. Be2 Nc6 11. g4 Nxd4 12. Bxd4 Qc7 13. g5 Nd7 14. h4 Ne5 15. Kb1 Rac8 16. b3 a6 17. f4 Nc6 18. Be3 b5 19. g6 Na5 20. gxf7+ Rxf7 21.
Bg4 Qd7 22. c5 b4 23. Nd5 Bxd5 24. exd5 Qb5 25. Bxe6 Rf8 26. c6 Kh8 27. Bxf7 Rxf7 28. c7 1-0

[Event "*** Titled Tuesday Blitz"]
[Site "Chess.com"]
[Date "2020.10.20"]
[Round "9"]
[White "tan275"]
[Black "cukin84"]
[Result "1-0"]
[WhiteElo "2177"]
[BlackElo "2041"]
[TimeControl "180+1"]
[EndTime "11:46:32 PDT"]
[Termination "tan275 won by resignation"]

1. d4 f5 2. Nf3 Nf6 3. g3 g6 4.
Bg2 Bg7 5. O-O d6 6. c4 O-O 7.
Nc3 Qe8 8. b3 c6 9. Ba3 Nbd7 10.
Rc1 h6 11. Rc2 g5 12. Re1 Qf7 13. d5 c5 14. Nd2 Ne5 15. Bb2 a6 16. Nf3 Nxf3+ 17.
exf3 Nd7 18. f4 gxf4 19. gxf4 Bd4 20. Ne2 Bxb2 21. Rxb2 Nf6 22. Rd2 Kh8 23. Rd3 Rg8 24. Rg3 Bd7 25. Kh1 Nh5 26. Rh3 Rxg2 27. Kxg2 Rg8+ 28.
Kh1 e5 29. Rg1 Rg4 30. f3 Rxg1+ 31. Qxg1 exf4 32. Nxf4 Qg7 33. Rxh5 1-0

[Event "*** Titled Tuesday Blitz"]
[Site "Chess.com"]
[Date "2020.10.20"]
[Round "9"]
[White "dropstoneDP"]
[Black "sjam6687"]
[Result "1-0"]
[WhiteElo "2843"]
[BlackElo "2662"]
[TimeControl "180+1"]
[EndTime "11:46:37 PDT"]
[Termination "dropstoneDP won by resignation"]

1. d4 d5 2. Nf3 Nf6 3. c4 c6 4. h3 e6 5. e3 Be7 6. Bd3 O-O 7. O-O Nbd7 8. Nbd2 b6 9. e4 dxe4 10. Nxe4 Bb7 11.
Qe2 Nxe4 12. Qxe4 Nf6 13. Qh4 g6 14. Bg5 Re8 15. Rfe1 Nd7 16. Rad1 Bxg5 17. Nxg5 Nf8 18. Qh6 Qf6 19. Ne4 Qe7 20. c5 Rad8 21. Qf4 f5 22. Nd6 Bc8 23. Bc4 Bd7 24. h4 Qf6 25. Nxe8 Rxe8 26.
b4 b5 27. Bb3 Qd8 28. g3 Bc8 29. a4 a6 30. Ra1 Re7 31. Qg5 Kg7 32. h5 h6 33. Qf4 g5 34. Qe5+ Kf7 35. Qxf5+ 1-0

[Event "*** Titled Tuesday Blitz"]
[Site "Chess.com"]
[Date "2020.10.20"]
[Round "9"]
[White "FMJoseHerrera"]
[Black "AndrewDGreen"]
[Result "1-0"]
[WhiteElo "2531"]
[BlackElo "2394"]
[TimeControl "180+1"]
[EndTime "11:46:37 PDT"]
[Termination "FMJoseHerrera won by resignation"]

1. Nf3 c5 2. g3 g6 3. Bg2 Bg7 4. d3 Nc6 5. Nc3 d6 6. h4 h6 7. e4 e5 8. Be3 Nd4 9. Qd2 Ne7 10.
Ne2 d5 11. c3 Ne6 12. exd5 Nxd5 13. O-O Nxe3 14. Qxe3 Qc7 15. d4 cxd4 16. cxd4 exd4 17. Nfxd4 O-O 18. Rac1 Qb6 19. Rfd1 Nxd4 20. Nxd4 Bg4 21. Rd2 Rfe8 22. Qf4 h5 23. Rc7 Rf8 24. Rxb7 Qa5 25. Nc6 Qxa2 26. Bd5 Qb1+ 27. Kg2 Bf5 28. Ne7+ Kh7 29.
Nxf5 gxf5 30. Bxf7 Qc1 31. Bg6+ Kh8 32. Rdd7 Qc6+ 33.
Kh2 Rg8 34. Qh6+ 1-0

[Event "*** Titled Tuesday Blitz"]
[Site "Chess.com"]
[Date "2020.10.20"]
[Round "9"]
[White "JoliyRoger"]
[Black "barbara25"]
[Result "0-1"]
[WhiteElo "2425"]
[BlackElo "2306"]
[TimeControl "180+1"]
[EndTime "11:46:38 PDT"]
[Termination "barbara25 won on time"]

1. Nf3 Nf6 2. c4 e6 3. d4 d5 4. cxd5 exd5 5. Nc3 c6 6. Bg5 Be7 7. Bxf6 Bxf6 8. e3 O-O 9. Bd3 Nd7 10. Qc2 h6 11. h3 Re8 12. O-O Nf8 13. b4 Be6 14. b5 Qd7 15. bxc6 bxc6 16. Rfc1 Rec8 17. Na4 Be7 18. Nc5 Bxc5 19. Qxc5 Ng6 20. Bxg6 fxg6 21.
Ne5 Qe8 22. Nxc6 Rc7 23. Qd6 Rac8 24. Ne7+ Qxe7 25. Qxe7 Rxe7 26. Rxc8+ Bxc8 27. Rc1 Be6 28. Rc6 Kf7 29. g4 Rb7 30. Ra6 Bc8 31. Kg2 h5 32.
Kg3 hxg4 33. hxg4 Rc7 34. Ra5 Be6 35. Kf4 Re7 36. a3 Rb7 37. Ra6 Bc8 38. Ra5 Rd7 39. Ke5 Rc7 40. Kxd5 Bxg4 41. Ke5 Bc8 42. e4 a6 43. d5 Rc2 44. f4 Rc4 45. f5 g5 46.
d6 Bb7 47. d7 Ke7 48. f6+ gxf6+ 49. Kf5 Bxe4+ 50. Kg4 Kxd7 0-1

[Event "*** Titled Tuesday Blitz"]
[Site "Chess.com"]
[Date "2020.10.20"]
[Round "9"]
[White "lucachess49"]
[Black "VladaSviridova"]
[Result "0-1"]
[WhiteElo "2347"]
[BlackElo "2262"]
[TimeControl "180+1"]
[EndTime "11:46:42 PDT"]
[Termination "VladaSviridova won by resignation"]

1. d4 d5 2. c4 c6 3. Nc3 Nf6 4. e3 e6 5. Nf3 Nbd7 6. Qc2 Bd6 7. Bd3 O-O 8. O-O dxc4 9. Bxc4 b5 10. Be2 Bb7 11.
a3 a5 12. Rd1 Qc7 13. h3 Rfe8 14. e4 e5 15. Bg5 exd4 16. Nxd4 Bh2+ 17. Kh1 Bf4 18. Bh4 g5 19. Bg3 Bxg3 20. fxg3 Qxg3 21.
Nf5 Qe5 22. Nd6 Reb8 23. Qd2 Nc5 24. Nf5 Ncxe4 25. Nxe4 Nxe4 26. Nh6+ Kg7 27. Qd7 Ng3+ 28. Kh2 0-1

[Event "*** Titled Tuesday Blitz"]
[Site "Chess.com"]
[Date "2020.10.20"]
[Round "9"]
[White "RaunakSadhwani2005"]
[Black "Mikasinski"]
[Result "1-0"]
[WhiteElo "2952"]
[BlackElo "2580"]
[TimeControl "180+1"]
[EndTime "11:46:43 PDT"]
[Termination "RaunakSadhwani2005 won by checkmate"]

1. c4 e5 2. Nc3 Nc6 3. g3 Bc5 4. Bg2 a6 5. e3 d6 6. Nge2 Ba7 7. d4 exd4 8. exd4 Nge7 9. O-O Nf5 10. d5 Ne5 11. b3 h5 12. h3 Qf6 13. Bb2 Qh6 14. Ne4 h4 15. g4 Nxg4 16. hxg4 h3 17. Bf3 h2+ 18. Kh1 Nh4 19. N2g3 Qf4 20. Bxg7 Nxf3 21. Bxh8 Bxg4 22. Nf6+ Kd8 23. Nxg4 Qxg4 24. Qd3 Kd7 25. Bf6 Rg8 26. b4 Bxf2 27. Rxf2 Qxg3 28. Qf5+ Ke8 29. Qc8# 1-0

[Event "*** Titled Tuesday Blitz"]
[Site "Chess.com"]
[Date "2020.10.20"]
[Round "9"]
[White "TurboSteen"]
[Black "lelya96"]
[Result "1-0"]
[WhiteElo "2049"]
[BlackElo "2162"]
[TimeControl "180+1"]
[EndTime "11:46:43 PDT"]
[Termination "TurboSteen won by resignation"]

1. e4 e5 2. f4 d5 3. exd5 Qxd5 4. Nc3 Qa5 5. fxe5 Qxe5+ 6. Be2 Bc5 7. Nf3 Qe7 8. d4 Bb4 9. O-O Nf6 10. Bg5 Bxc3 11.
bxc3 O-O 12. Ne5 Nbd7 13. Nxd7 Bxd7 14. Bd3 Rfe8 15. Rxf6 h6 16. Bh7+ Kh8 17. Qh5 Bg4 18.
Qxg4 gxf6 19. Bxh6 Rg8 20. Bxg8 Rxg8 21. Qh5 Rxg2+ 22.
Kxg2 Qe4+ 23. Qf3 Qg6+ 24. Qg3 Qxh6 25. Qh3 1-0

[Event "*** Titled Tuesday Blitz"]
[Site "Chess.com"]
[Date "2020.10.20"]
[Round "9"]
[White "pedromartinez91"]
[Black "queen_iryna"]
[Result "1-0"]
[WhiteElo "2476"]
[BlackElo "2303"]
[TimeControl "180+1"]
[EndTime "11:46:44 PDT"]
[Termination "pedromartinez91 won by checkmate"]

1. b3 e5 2. Bb2 Nc6 3. e3 Nf6 4.
Bb5 Bd6 5. Na3 O-O 6. Nc4 a6 7. Bxc6 dxc6 8. Nxe5 Re8 9. Ngf3 Bg4 10. Nxg4 Nxg4 11.
h3 Ne5 12. Bxe5 Bxe5 13. Nxe5 Rxe5 14. O-O Qd7 15. f4 Rd5 16. d3 Re8 17. e4 Rd4 18. f5 c5 19. Qh5 f6 20. Rf4 b5 21. Rh4 h6 22. Rg4 Kf8 23. Qg6 c4 24. dxc4 bxc4 25.
Qh7 Qf7 26. Re1 cxb3 27. axb3 Re5 28. Qh8+ Qg8 29. Qxg8+ Kxg8 30. Kf2 h5 31. Rf4 Rc5 32. Ke3 Rd6 33. Re2 a5 34. g4 hxg4 35. hxg4 Rc3+ 36. Kf2 Rdc6 37. g5 Rxc2 38. g6 Rxe2+ 39. Kxe2 Rc3 40. e5 fxe5 41. Ra4 Rc5 42. b4 Rc2+ 43. Kd3 Rf2 44. Rxa5 Rxf5 45. Ke4 Rg5 46. Ra8# 1-0

[Event "*** Titled Tuesday Blitz"]
[Site "Chess.com"]
[Date "2020.10.20"]
[Round "9"]
[White "AttractiveMustard"]
[Black "szefru"]
[Result "0-1"]
[WhiteElo "2342"]
[BlackElo "2253"]
[TimeControl "180+1"]
[EndTime "11:46:44 PDT"]
[Termination "szefru won on time"]

1. e4 Nf6 2. e5 Nd5 3. d4 d6 4. Nf3 g6 5. c4 Nb6 6. exd6 cxd6 7. Nc3 Bg7 8. h3 O-O 9. Be2 Nc6 10. O-O e5 11.
dxe5 dxe5 12. c5 Nd7 13. Be3 Qe7 14. Nd5 Qd8 15. Ng5 h6 16. Ne4 f5 17. Nd6 f4 18.
Qb3 Kh7 19. Nxb7 Bxb7 20. Qxb7 Na5 21. Qa6 fxe3 22. c6 exf2+ 23. Kh1 Nb6 24. Nb4 Qd2 25. Qxa5 Qxe2 26. Rac1 e4 27. c7 e3 28. Qc5 Qxb2 29. Nd5 Nxd5 30. Qxd5 e2 0-1

[Event "*** Titled Tuesday Blitz"]
[Site "Chess.com"]
[Date "2020.10.20"]
[Round "9"]
[White "dominikaf"]
[Black "RamyresCoelho"]
[Result "1-0"]
[WhiteElo "2202"]
[BlackElo "2052"]
[TimeControl "180+1"]
[EndTime "11:46:44 PDT"]
[Termination "dominikaf won by checkmate"]

1. e4 c5 2. c4 Nc6 3. Nc3 d6 4. g3 e5 5. Bg2 Nf6 6. h3 h5 7. d3 h4 8. g4 Be6 9. Be3 Qd7 10.
Nge2 Bxg4 11. hxg4 Nxg4 12. Bh3 f5 13. exf5 Nxe3 14.
fxe3 Qe7 15. Qb3 Nb4 16. O-O-O Qc7 17. a3 Nc6 18. Nd5 Qd8 19. Qxb7 Ne7 20. Nc7+ Kf7 21.
Nxa8 d5 22. Nc7 Rh6 23. Ne6 Qa5 24. Rdf1 dxc4 25. dxc4 Qa4 26. Nc3 Qxc4 27. Qb8 Rh8 28. Ng5+ Kg8 29. Qxe5 Rh6 30. Rhg1 Qb3 31. Ne6 Rh7 32.
f6 Nc6 33. fxg7 Be7 34. Rf8+ Bxf8 35. gxf8=Q# 1-0

[Event "*** Titled Tuesday Blitz"]
[Site "Chess.com"]
[Date "2020.10.20"]
[Round "9"]
[White "EvgenyRomanov"]
[Black "northridgehawk"]
[Result "1-0"]
[WhiteElo "2581"]
[BlackElo "2241"]
[TimeControl "180+1"]
[EndTime "11:46:45 PDT"]
[Termination "EvgenyRomanov won by resignation"]

1. c4 Nf6 2. g3 g6 3. Bg2 d5 4. cxd5 Nxd5 5. Nc3 Nb6 6. h4 h5 7. d3 Bg7 8. Nf3 Nc6 9. O-O O-O 10. Bg5 Be6 11.
Rc1 a5 12. a3 a4 13. Nd2 Qc8 14. Bxc6 bxc6 15. Bxe7 Re8 16. Bg5 Bh3 17. Re1 Nd5 18.
Nde4 f6 19. Bd2 Qe6 20. Nxa4 f5 21. Ng5 Qd6 22. Nxh3 Bd4 23. Nf4 g5 24. hxg5 h4 25. Kg2 hxg3 26. fxg3 Ne3+ 27. Bxe3 Bxe3 28. Rc4 Re7 29. Nc3 Rg7 30. Qb3 Kf8 31. Nd1 Bxf4 32. Rxf4 Rxg5 33. Ref1 Ra5 34. Ne3 Qg6 35. R1f3 Kg7 36.
Qc3+ Kh6 37. Qh8+ Qh7 38. Rh4+ 1-0

[Event "*** Titled Tuesday Blitz"]
[Site "Chess.com"]
[Date "2020.10.20"]
[Round "9"]
[White "Beca95"]
[Black "Bigfish1995"]
[Result "1-0"]
[WhiteElo "2915"]
[BlackElo "3044"]
[TimeControl "180+1"]
[EndTime "11:46:46 PDT"]
[Termination "Beca95 won by resignation"]

1. d4 d5 2. c4 e6 3. Nc3 h6 4.
Nf3 Nf6 5. g3 Bd6 6. Bg2 O-O 7.
Qb3 c6 8. O-O Nbd7 9. Nd2 c5 10.
e3 cxd4 11. exd4 dxc4 12. Nxc4 Bc7 13. a4 a6 14. Be3 Ng4 15. Bd2 Rb8 16. d5 Nde5 17.
Rad1 Nxc4 18. Qxc4 e5 19. h3 Nf6 20. Be3 Bd6 21.
Qb3 Qe7 22. a5 Bf5 23. Na4 Rbc8 24. Nb6 Bc2 25. Nxc8 Rxc8 26. Qb6 Bxd1 27. Rxd1 Rc2 28. Bf1 e4 29. Qb3 Qc7 30. Bd4 Nh5 31. Bc3 Bc5 32. d6 Rxf2 33. dxc7 Rd2+ 34. Bd4 Bxd4+ 35. Kh1 1-0

[Event "*** Titled Tuesday Blitz"]
[Site "Chess.com"]
[Date "2020.10.20"]
[Round "9"]
[White "Zemerovv"]
[Black "WPWPWP-2015"]
[Result "0-1"]
[WhiteElo "2293"]
[BlackElo "2448"]
[TimeControl "180+1"]
[EndTime "11:46:47 PDT"]
[Termination "WPWPWP-2015 won by resignation"]

1. g3 h5 2. Bg2 h4 3. d4 d5 4. Nc3 c6 5. e4 h3 6. Bf3 dxe4 7. Nxe4 Nf6 8. Nxf6+ exf6 9. Ne2 g6 10. O-O Bg7 11.
Re1 O-O 12. c3 f5 13. Be3 g5 14. d5 g4 15. Bh1 Nd7 16. dxc6 bxc6 17. Bxc6 Rb8 18.
Bd4 Ne5 19. Bxe5 Bxe5 20. Qxd8 Rxd8 21. Rad1 Rxd1 22. Rxd1 Rxb2 23. Nd4 Rxa2 24. f4 Bc7 25.
Re1 Kg7 26. Re8 Ba6 27. Nxf5+ Kf6 28. Ne3 Bb6 29. c4 Bxc4 30. Bd5 Bxd5 31. Kf1 Bxe3 32. Rxe3 Rxh2 0-1

[Event "*** Titled Tuesday Blitz"]
[Site "Chess.com"]
[Date "2020.10.20"]
[Round "9"]
[White "AurumO"]
[Black "chessmachine14"]
[Result "0-1"]
[WhiteElo "1975"]
[BlackElo "2318"]
[TimeControl "180+1"]
[EndTime "11:46:48 PDT"]
[Termination "chessmachine14 won on time"]

1. e4 c5 2. c3 Nf6 3. e5 Nd5 4. Nf3 e6 5. Bc4 Nb6 6. Bb3 d5 7. exd6 Bxd6 8. d4 c4 9. Bc2 Nd5 10. O-O Bd7 11. b3 cxb3 12. Bxb3 O-O 13. Re1 Nc6 14.
c4 Nf4 15. d5 exd5 16. cxd5 Nb4 17. Bxf4 Bxf4 18. Nc3 Bf5 19. Ne4 Re8 20. Qd4 a5 21. a3 Na6 22. Rad1 Bg4 23. Rd3 f5 24. Ned2 Bxd2 25.
Rxe8+ Qxe8 26. Nxd2 Qe1+ 27. Nf1 Be2 28. Rd1 Bxd1 29.
d6+ Kh8 30. Bxd1 Rd8 31. Bb3 Qe8 32. Ne3 Qc6 0-1

[Event "*** Titled Tuesday Blitz"]
[Site "Chess.com"]
[Date "2020.10.20"]
[Round "9"]
[White "cassoulet"]
[Black "MatyChess1"]
[Result "1-0"]
[WhiteElo "2691"]
[BlackElo "2548"]
[TimeControl "180+1"]
[EndTime "11:46:49 PDT"]
[Termination "cassoulet won on time"]

1. e4 c5 2. Nf3 g6 3. d4 cxd4 4. Nxd4 Nc6 5. Nc3 Bg7 6. Be3 Nf6 7. Be2 O-O 8. h4 d5 9. exd5 Nxd5 10. Nxc6 bxc6 11.
Nxd5 cxd5 12. c3 Rb8 13. Qd2 Qa5 14. h5 Rxb2 15. Qc1 Bxc3+ 16. Kf1 Rxe2 17. Kxe2 Ba6+ 18.
Kf3 d4 19. Bf4 Qf5 20. Kg3 e5 21. Bh6 Re8 22. Rb1 e4 23. hxg6 hxg6 24. Qg5 d3 25.
Qxf5 gxf5 26. Rh5 d2 27. Rxf5 Be2 28. Bxd2 Bxd2 29. Rb2 Rd8 30. Rb7 Rd3+ 31. f3 exf3 32.
Rfxf7 fxg2+ 33. Kxg2 Bh6 34. Rxa7 Bh5 35. Rh7 Rd2+ 36.
Kg3 Rd3+ 37. Kh4 1-0

[Event "*** Titled Tuesday Blitz"]
[Site "Chess.com"]
[Date "2020.10.20"]
[Round "9"]
[White "WIDBIFS"]
[Black "Azerichess"]
[Result "0-1"]
[WhiteElo "2776"]
[BlackElo "2982"]
[TimeControl "180+1"]
[EndTime "11:46:50 PDT"]
[Termination "Azerichess won by resignation"]

1. d4 Nf6 2. Nf3 g6 3. g3 Bg7 4. Bg2 O-O 5. O-O d6 6. c4 Nbd7 7. Nc3 e5 8. e4 exd4 9. Nxd4 Re8 10. h3 a6 11. Be3 Rb8 12. a4 a5 13. Qc2 c6 14.
Rad1 Qc7 15. Rfe1 Nc5 16. Ndb5 cxb5 17. Nxb5 Qe7 18. Nxd6 Nfd7 19. Nxe8 Qxe8 20. f4 b6 21. e5 Bb7 22. Bd5 Na6 23. Qg2 Ndc5 24. Bxb7 Rxb7 25. Qd5 Rb8 26. Bf2 Bf8 27. g4 Nb4 28. Qf3 Qxa4 29. f5 Qc6 30. Qg3 Re8 31. e6 fxe6 32. f6 e5 33. g5 e4 34. Qf4 Qb7 35. Bxc5 Bxc5+ 36. Kf1 e3 37. Kg1 0-1

[Event "*** Titled Tuesday Blitz"]
[Site "Chess.com"]
[Date "2020.10.20"]
[Round "9"]
[White "GoltsevDmitry2000"]
[Black "Sychev_Klementy"]
[Result "1-0"]
[WhiteElo "2699"]
[BlackElo "2852"]
[TimeControl "180+1"]
[EndTime "11:46:50 PDT"]
[Termination "GoltsevDmitry2000 won by resignation"]

1. e4 e6 2. Nf3 d5 3. exd5 exd5 4.
d4 Nf6 5. Bd3 c5 6. O-O c4 7. Be2 Bd6 8. Re1 O-O 9. h3 Nc6 10.
c3 Bf5 11. b3 b5 12. a4 a6 13.
Bg5 h6 14. Bh4 g5 15. Bg3 Bxg3 16. fxg3 Ne4 17. g4 Bg6 18. Nfd2 f5 19. Nxe4 fxe4 20. Nd2 Qd6 21. Rf1 Qg3 22. axb5 axb5 23. Rxa8 Rxa8 24. Rf6 Ne7 25. Nf1 Qxc3 26. bxc4 dxc4 27.
Re6 Kf7 28. Rd6 Qb4 29. Rb6 Qa5 30. Rb7 Qa6 31. Rc7 Qb6 32. Rc5 Rd8 33. Ne3 Qxc5 34.
Qf1+ Ke6 35. dxc5 Nd5 36. Nc2 Nf4 37. Bxc4+ bxc4 38. Qxc4+ Ke7 39. Ne3 Rd3 40. c6 1-0

[Event "*** Titled Tuesday Blitz"]
[Site "Chess.com"]
[Date "2020.10.20"]
[Round "9"]
[White "Durarbayli"]
[Black "TomiLen"]
[Result "0-1"]
[WhiteElo "2766"]
[BlackElo "2634"]
[TimeControl "180+1"]
[EndTime "11:46:50 PDT"]
[Termination "TomiLen won by resignation"]

1. e4 e6 2. d4 d5 3. e5 c5 4. c3 Qb6 5. Nf3 Nc6 6. Be2 cxd4 7. cxd4 Nh6 8. Bxh6 Qxb2 9. Nc3 Qxc3+ 10. Bd2 Qa3 11. O-O Be7 12. Qc2 Bb4 13. Rab1 Bxd2 14. Qxd2 O-O 15.
Rfc1 Qe7 16. Rb3 h6 17. Bd3 Bd7 18. Rxb7 Rab8 19. Rc7 Rb6 20. Bb1 Qd8 21. R7xc6 Bxc6 22. Qd3 g6 23. h4 Bb5 24. Qe3 Kg7 25. h5 Rc6 26.
Re1 g5 27. Nh2 Qa5 28. f4 Rfc8 29. fxg5 Qxe1+ 30. Qxe1 Rc1 31. gxh6+ Kxh6 0-1